 Dungeon Crawl Stone Soup version 0.26-a0-50-gc4d14cd842 (webtiles) character file.

Game seed: 15042987396438110079

23 vurker the Digger (level 2, 0/22 HPs)
             Began as a Demigod Earth Elementalist on June 4, 2020.
             Slain by a worker ant (7 damage)
             ... on level 2 of the Dungeon.
             The game lasted 00:01:07 (1110 turns).

vurker the Digger (Demigod Earth Elementalist)      Turns: 1110, Time: 00:01:08

Health: 0/22       AC:  2    Str: 11    XL:     2   Next: 57%
Magic:  0/7        EV: 12    Int: 19    God:
Gold:   33         SH:  0    Dex: 16    Spells: 4/5 levels left

rFire    + . .     SeeInvis .   j - +0 dagger
rCold    . . .     Gourm    .   (no shield)
rNeg     . . .     Faith    .   c - +0 robe
rPois    +         Spirit   .   (no helmet)
rElec    .         Reflect  .   (no cloak)
rCorr    .         Harm     .   (no gloves)
MR       .....                  (no boots)
Stlth    ++........             (no amulet)
HPRegen  0.07/turn              d - ring of protection from fire
MPRegen  0.10/turn              p - ring of poison resistance

@: very slightly contaminated
A: high mp 1
a: no special abilities


You were on level 2 of the Dungeon.
You were not hungry.

You visited 1 branch of the dungeon, and saw 2 of its levels.

You collected 33 gold pieces.

Inventory:

Hand Weapons
 j - a +0 dagger (weapon)
   (You took it off a kobold on level 1 of the Dungeon)
Missiles
 b - 15 stones (quivered)
Armour
 c - a +0 robe (worn)
 l - a +0 buckler
   (You found it on level 1 of the Dungeon)
Jewellery
 d - a ring of protection from fire (left hand)
   (You found it on level 1 of the Dungeon)
 p - a ring of poison resistance (right hand)
   (You found it on level 1 of the Dungeon)
Scrolls
 a - a scroll of amnesia {unknown}
 f - a scroll of identify {unknown}
 h - 2 scrolls of teleportation {unknown}
 k - a scroll of blinking {unknown}
 m - a scroll of magic mapping {unknown}
 n - a scroll of immolation {unknown}
 o - a scroll of remove curse {unknown}
Potions
 i - 2 potions of heal wounds {unknown}
Comestibles
 e - a ration


   Skills:
 + Level 0.6 Fighting
 - Level 1.7 Dodging
 - Level 1.7 Stealth
 * Level 0.4 Shields
 * Level 2.2 Spellcasting
   Level 0.8 Transmutations
 * Level 3.0 Earth Magic


You had 4 spell levels left.
You knew the following spells:

 Your Spells              Type           Power        Failure   Level  Hunger
a - Sandblast             Erth           ##....       4%          1    #......

Your spell library contained the following spells:

 Spells                   Type           Power        Failure   Level  Hunger
 Passwall                 Tmut/Erth      #.......     11%         2    ##.....
 Stone Arrow              Conj/Erth      #.....       26%         3    ###....
 Petrify                  Tmut/Erth      #.......     58%         4    #####..
 Lee's Rapid Deconstruct  Erth           ##........   78%         5    ######.


Dungeon Overview and Level Annotations

Branches:
Dungeon (2/15)


Innate Abilities, Weirdness & Mutations

You have an increased reservoir of magic. (+10% MP)


Message History

Things that are here:
a +0 club; a goblin skeleton
Things that are here:
a +0 club; a goblin skeleton Eating a chunk of flesh.
You eat the chunk of flesh.
Found a robe.
You see here a robe.
Done exploring.
Done exploring.
Done exploring.
Done exploring.
There is a stone staircase leading down here.
You climb downwards.
Found a club and a bone ring.
There is a stone staircase leading up here.
A worker ant comes into view.
The worker ant twitches its antennae in your direction.
Found 9 gold pieces.
A worker ant is nearby!
Aim: a worker ant The blast of sand hits the worker ant.
b - 20 stones The worker ant barely misses you.
Aim: a worker ant (lightly wounded)
The blast of sand hits the worker ant.
b - 19 stones The worker ant bites you.
Aim: a worker ant (moderately wounded)
The blast of sand misses the worker ant.
b - 18 stones The worker ant barely misses you.
Aim: a worker ant (moderately wounded)
The blast of sand hits the worker ant.
b - 17 stones The worker ant bites you.
Aim: a worker ant (heavily wounded)
You miscast Sandblast.
You are very lightly contaminated with residual magic.
Nothing appears to happen.
The worker ant closely misses you. The worker ant misses you.
Aim: a worker ant (heavily wounded)
The blast of sand hits the worker ant.
b - 16 stones The worker ant bites you.
* * * LOW HITPOINT WARNING * * *
Aim: a worker ant (severely wounded)
The blast of sand hits the worker ant but does no damage.
b - 15 stones The worker ant bites you!
You die...

..#.# .#.#
...# #..#
#.=# #..# #
####.a###$#.#
+....@.......
#####..##.#.#
#..#
###..##.#
#)<.....#
#.......#
#.......#
#.......#
#.......#


You could see a worker ant.

Vanquished Creatures
  2 dart slugs (D:1)
  A bat (D:1)
  3 goblins (D:1)
  2 hobgoblins (D:1)
  2 jackals (D:1)
  A frilled lizard (D:1)
  6 kobolds (D:1)
  A rat (D:1)
18 creatures vanquished.

Notes
Turn   | Place    | Note
-------+----------+-------------------------------------------
     0 | D:1      | vurker the Demigod Earth Elementalist began the quest for
                  | the Orb.
     0 | D:1      | Reached XP level 1. HP: 14/14 MP: 5/5
   370 | D:1      | Reached skill level 3 in Earth Magic
   370 | D:1      | Reached XP level 2. HP: 22/22 MP: 2/7
  1110 | D:2      | Slain by a worker ant

Illustrated notes

Levels and vault maps discovered:
D:1:      minmay_arrival_hallway, layout_loops_ring
D:2:      cheibrodos_old_hovel, layout_basic

Skill      XL: |  1 |
---------------+----+-----
Spellcasting   | 2 |  2.2
Earth Magic    | 3 |  3.0
Fighting       | |  0.6
Dodging        | |  1.7
Stealth        | |  1.7
Shields        | |  0.4
Transmutations | |  0.8

Action                   || total
-------------------------++-------
Melee: Dagger            ||     1
 Cast: Sandblast         ||    37
  Eat: Chunk             ||     1
Armor: Robe              ||     4
Dodge: Dodged            ||    13

Table legend:
 A = Non-vault XP
 B = Vault XP
 C = Vault XP percentage of total XP
 D = Non-vault monster count
 E = Vault monster count
 F = Vault count percentage of total count
                 A         B        C        D         E       F
            +---------+---------+-------+---------+---------+-------
      Total |      34 |       0 |   0.0 |      18 |       0 |   0.0
            +---------+---------+-------+---------+---------+-------
        D:1 |      34 |       0 |   0.0 |      18 |       0 |   0.0
            +---------+---------+-------+---------+---------+-------
